 Dungeon Crawl Stone Soup version 0.31-a0-625-gc9c7e45f3f (webtiles) character file.

Game seed: 16388269666482533363

2 GordonOverkill the Sneak (level 1, -2/11 HPs)
             Began as a Vine Stalker Delver on Aug 24, 2023.
             Slain by an ufetubus (4 damage)
             ... on level 5 of the Dungeon.
             The game lasted 00:06:55 (1205 turns).

GordonOverkill the Sneak (Vine Stalker Delver)      Turns: 1205, Time: 00:06:55

Health: -2/11      AC:  3    Str: 14    XL:     1   Next: 30%
Magic:  0/2        EV: 11    Int: 10    God:
Gold:   153        SH:  0    Dex: 15    Spells: 0/0 levels left

rFire   . . .        a - +0 short sword
rCold   . . .        (no shield)
rNeg    . . .        b - +0 leather armour
rPois   .            (no helmet)
rElec   .            (no cloak)
rCorr   .            (no gloves)
SInv    .            (no boots)
Will    .....        (no amulet)
Stlth   +++          (no ring)
HPRegen 0.21/turn    (no ring)
MPRegen 0.08/turn

%: guardian spirit
@: no status effects
A: fangs 2, magic shield, antimagic bite, no potion heal 2
a: no special abilities


You were on level 5 of the Dungeon.
You visited 1 branch of the dungeon, and saw 5 of its levels.

You collected 153 gold pieces.

Inventory:

Hand Weapons
 a - a +0 short sword (weapon)
Missiles
 j - 4 boomerangs (quivered)
Armour
 b - a +0 leather armour (worn)
 h - a +0 scale mail
Wands
 g - a wand of digging (2)
Scrolls
 c - a scroll of fog
 e - a scroll of poison {unknown}
 i - a scroll of teleportation {unknown}
 o - a scroll of enchant armour {unknown}
Potions
 k - a potion of cancellation
 m - a potion of magic
 n - a potion of curing


   Skills:
 + Level 2.7 Fighting
 - Level 1.7 Short Blades
 + Level 0.1 Throwing
 - Level 1.5 Dodging
 - Level 6.0 Stealth
 + Level 0.1 Spellcasting
 + Level 0.1 Air Magic


You couldn't memorise any spells.
You didn't know any spells.
Your spell library contained the following spells:

 Spells                   Type           Power      Damage    Failure   Level
 Shock                    Conj/Air       0%         1d3       43%         1
 Swiftness                Air            0%         N/A       80%         3
 Airstrike                Air            0%         2d(0-16)  99%         4


Dungeon Overview and Level Annotations

Branches:
Dungeon (9/15)
 Temple: D:4-7         Lair: D:8-11         Orc: D:9-12

Altars:
Trog

Annotations:
D:6 exclusions: scorpion and white imp
D:7 exclusions: iguana and 2 upstairs
D:8 exclusions: bullfrog, centaur, downstairs, howler monkey, killer bee, kobold and two-headed ogre


Innate Abilities, Weirdness & Mutations

You have extremely sharp teeth.
When hurt, damage is shared between your health and your magic reserves.
Your bite disrupts and absorbs the magic of your enemies.
Potions cannot restore your health.


Message History

As you read the scroll of identify, it crumbles to dust.
n - a potion of curing Your extra speed is starting to run out.
An ufetubus comes into view.
The ufetubus shouts!
The ufetubus barely misses you. The ufetubus hits you.
You hit the ufetubus but do no damage. You closely miss the ufetubus.
You bite the ufetubus, but do no damage.
The ufetubus hits you but does no damage.
The ufetubus hits you.
* * * LOW HITPOINT WARNING * * *
You barely miss the ufetubus. You bite the ufetubus. You drain its power.
You feel invigorated.
The ufetubus is moderately wounded.
You feel yourself slow down. The ufetubus misses you.
The ufetubus hits you but does no damage.
You hit the ufetubus but do no damage.
You bite the ufetubus, but do no damage.
The ufetubus is moderately wounded.
The ufetubus hits you but does no damage.
The ufetubus misses you. The ufetubus hits you.
* * * LOW HITPOINT WARNING * * *
The ufetubus completely misses you.
Okay, then.
Okay, then.
Okay, then.
As you read the scroll labelled NEWKOE BUIX, it crumbles to dust.
You hear a loud clanging noise!
It was a scroll of noise.
You hear an angry hiss.
The ufetubus closely misses you. The ufetubus hits you.
* * * LOW HITPOINT WARNING * * *
You hit the ufetubus but do no damage. Your bite misses the ufetubus.
The ufetubus is lightly wounded.
The ufetubus hits you.
* * * LOW HITPOINT WARNING * * *
The ufetubus hits you.
You die...

.#.# #..#### ..
###...... # .......#
.##.##..##.# .
.......>##.##. .
.####......... .#.# .#
#..##.....
.....#####.####..##..#.#
#..5@.............# #
##.#....#####.###.# #
#.#.## #.# #.# # #.#.#
#.###.#.# #.#.#
#........ #.#.#
###..#..# #.#.# #.###..
..#.##### #.#.#.#.
###.....##.###.##.


You could see an ufetubus.

Vanquished Creatures
  An orc (D:6)
1 creature vanquished.

Notes
Turn   | Place    | Note
-------+----------+-------------------------------------------
     0 | D:5      | GordonOverkill the Vine Stalker Delver began the quest for
                  | the Orb.
     0 | D:5      | Reached XP level 1. HP: 11/11 MP: 2/2
    71 | D:6      | Noticed a scorpion
   217 | D:8      | Noticed a centaur
   244 | D:8      | Noticed a killer bee
   244 | D:8      | Noticed a killer bee
   325 | D:9      | Noticed a kobold brigand
   325 | D:9      | Noticed a bullfrog
   344 | D:8      | Noticed a bullfrog
   375 | D:8      | Noticed a two-headed ogre
   402 | D:8      | Noticed a howler monkey
   527 | D:7      | Noticed an iguana
   550 | D:7      | Noticed a bullfrog
   559 | D:7      | Found a flagged portal.
   559 | D:7      | Noticed a killer bee
   559 | D:7      | Noticed a killer bee
   613 | D:8      | Noticed a wolf
   821 | D:6      | Noticed a hound
   838 | D:6      | Noticed an orc wizard
   838 | D:6      | Noticed an orc wizard
   839 | D:6      | Noticed an orc wizard
   889 | D:7      | Noticed a killer bee
   889 | D:7      | Noticed a killer bee
   889 | D:7      | Noticed a killer bee
   889 | D:7      | Noticed a sky beast
   995 | D:6      | Noticed a wight
   996 | D:6      | Noticed a wight
   996 | D:6      | Noticed a wight
   999 | D:6      | Noticed a wight
  1088 | D:6      | Noticed a black bear
  1089 | D:6      | Found a bloodstained altar of Trog.
  1090 | D:6      | Noticed a black bear
  1205 | D:5      | Slain by an ufetubus

Illustrated notes

Levels and vault maps discovered:
D:5:      layout_loops_ring, hex_large, uniq_eustachio
D:6:      layout_basic, trog_ov_bears_minmay, lemuel_temple_firewalk_a,
          serial_shops, nicolae_shop_statue_plus, uniq_maggie
D:7:      layout_basic, enter_bailey_6
D:8:      layout_basic, uniq_grum, uniq_joseph
D:9:      minmay_chopped_fan, layout_irregular_city

Action                     || total
---------------------------++-------
  Melee: Short sword       ||     8
         Bite              ||     4
  Evoke: Wand              ||     1
    Use: Scroll            ||     6
         Potion            ||     1
 Armour: Leather armour    ||     8
  Dodge: Dodged            ||     8

Table legend: (Time is in decaauts)
 A = Elapsed time spent in this place.
 B = Non-inter-level travel time spent in this place.
 C = Inter-level travel time spent in this place.
 D = Time resting spent in this place.
 E = Time spent auto-exploring this place.
 F = Levels seen in this place.
 G = Mean time per level.
                   A        B        C        D        E       F      G
               +--------+--------+--------+--------+--------+-----+--------+
         Total |   1185 |    999 |    186 |     21 |      0 |   5 |  237.0 |
       Dungeon |   1185 |    999 |    186 |     21 |      0 |   5 |  237.0 |
               +--------+--------+--------+--------+--------+-----+--------+

Top non-repeatable levels by time:
     D:7: 543 daAuts
     D:8: 311 daAuts
     D:6: 232 daAuts
     D:5: 72 daAuts
     D:9: 25 daAuts
